[ AOE2 MATCH · #463376401 ]
UnrankedAztecs vs Mongols
[ REPLAY ANALYSIS · EXTRACTED FROM THE RECORDED GAME ]
Feudal
17:15
Castle
21:17
Imperial
36:53
| APM avg | 20.6 |
| APM peak | 50 |
| eAPM avg | 13.9 |
| Villagers / military | 128 / 83 |
Focus
⚔️ 25.8% · 🌾 74.2%
Militia ×79 · Monk ×2 · Spearman ×2
Feudal
13:30
Castle
19:18
Imperial
35:31
| APM avg | 16.9 |
| APM peak | 48 |
| eAPM avg | 11.3 |
| Villagers / military | 100 / 46 |
Focus
⚔️ 19.0% · 🌾 81.0%
Huskarl ×44 · Trade Cart ×14 · Fishing Ship ×5 · Monk ×2
Feudal
11:23
Castle
24:45
Imperial
37:51
| APM avg | 15.5 |
| APM peak | 34 |
| eAPM avg | 10.9 |
| Villagers / military | 59 / 23 |
Focus
⚔️ 20.8% · 🌾 79.2%
Militia ×9 · Skirmisher ×9 · Trebuchet (Packed) ×2 · Mangonel ×1 · Spearman ×1 · Battering Ram ×1
Feudal
14:41
Castle
25:48
Imperial
37:59
| APM avg | 11.9 |
| APM peak | 27 |
| eAPM avg | 10.5 |
| Villagers / military | 141 / 20 |
Focus
⚔️ 28.1% · 🌾 71.9%
Archer ×8 · Spearman ×5 · Skirmisher ×3 · Trade Cart ×3 · Fishing Ship ×3 · Militia ×1
Feudal
12:16
Castle
24:23
Imperial
35:23
| APM avg | 9.3 |
| APM peak | 21 |
| eAPM avg | 7.3 |
| Villagers / military | 84 / 56 |
Focus
⚔️ 24.8% · 🌾 75.2%
Cavalry Archer ×30 · Tarkan ×19 · Scout Cavalry ×3 · Trebuchet (Packed) ×3 · Monk ×1
Feudal
12:09
Castle
23:20
Imperial
38:55
| APM avg | 8.1 |
| APM peak | 25 |
| eAPM avg | 6.8 |
| Villagers / military | 85 / 41 |
Focus
⚔️ 16.7% · 🌾 83.3%
Militia ×40 · Trade Cart ×15 · Centurion ×1
Feudal
15:40
Castle
23:37
Imperial
42:15
| APM avg | 24.2 |
| APM peak | 73 |
| eAPM avg | 15.8 |
| Villagers / military | 107 / 22 |
Focus
⚔️ 10.0% · 🌾 90.0%
Elephant Archer ×10 · Armored Elephant ×10 · Trade Cart ×6 · Monk ×1 · Ratha (Ranged) ×1
Feudal
13:18
Castle
21:06
Imperial
32:40
| APM avg | 18.2 |
| APM peak | 32 |
| eAPM avg | 15.0 |
| Villagers / military | 102 / 120 |
Focus
⚔️ 31.1% · 🌾 68.9%
Samurai ×115 · Trade Cart ×11 · Fishing Ship ×7 · Trebuchet (Packed) ×4 · Monk ×1
Match map
Initial resources + every placement click. Lines = walls · curves = elevation contours. ◆ gold · ⬟ stone · ● berries · ✦ relic · ◌ wall gap
Your base· ✓ Closed at 21:17 · 12t walls · no gate
Swizz's base· ✓ Closed at 19:18 · 19t walls · no gate
Shirasoni's base· ✓ Closed at 24:45 · 12t walls · 1 gate(s)
vladimir's base· ✓ Closed at 25:48 · 45t walls · no gate
Wolfgang5150's base· ✓ Closed at 24:23 · 0t walls · no gate
Underwood6918's base· ✓ Closed at 23:20 · 0t walls · no gate
噴射大肉G's base· ✓ Closed at 23:37 · 13t walls · no gate
tunglam.4747's base· ✓ Closed at 21:06 · 30t walls · 1 gate(s)
Smoothed initial terrain · ◌ = detected wall gap · hover for details
Inputs per minute
— MIG - - Swizz
Build order — MIG
First 150 of 370 actions detected
| 0:02 | Create | Villager (Male) |
| 0:02 | Create | Villager (Male) |
| 0:02 | Create | Villager (Male) |
| 0:03 | Create | Villager (Male) |
| 0:33 | Research | Loom |
| 0:33 | Create | Villager (Male) |
| 0:34 | Create | Villager (Male) |
| 0:34 | Create | Villager (Male) |
| 0:34 | Create | Villager (Male) |
| 2:38 | Build | House |
| 2:58 | Build | House |
| 3:21 | Build | House |
| 3:55 | Build | Lumber Camp |
| 4:05 | Create | Villager (Male) |
| 4:55 | Create | Villager (Male) |
| 5:15 | Build | House |
| 5:33 | Create | Villager (Male) |
| 5:33 | Create | Villager (Male) |
| 5:33 | Create | Villager (Male) |
| 6:18 | Create | Villager (Male) |
| 6:19 | Create | Villager (Male) |
| 6:19 | Create | Villager (Male) |
| 7:05 | Create | Villager (Male) |
| 7:06 | Create | Villager (Male) |
| 7:06 | Create | Villager (Male) |
| 7:06 | Create | Villager (Male) |
| 8:11 | Build | Mill |
| 9:06 | Create | Villager (Male) |
| 9:08 | Create | Villager (Male) |
| 9:08 | Create | Villager (Male) |
| 9:09 | Create | Villager (Male) |
| 9:46 | Create | Villager (Male) |
| 9:46 | Create | Villager (Male) |
| 9:47 | Create | Villager (Male) |
| 9:47 | Create | Villager (Male) |
| 10:56 | Create | Villager (Male) |
| 10:56 | Create | Villager (Male) |
| 11:18 | Build | House |
| 11:32 | Create | Villager (Male) |
| 11:33 | Create | Villager (Male) |
| 11:45 | Create | Villager (Male) |
| 11:45 | Create | Villager (Male) |
| 11:45 | Create | Villager (Male) |
| 11:55 | Create | Villager (Male) |
| 11:55 | Create | Villager (Male) |
| 12:44 | Create | Villager (Male) |
| 12:44 | Create | Villager (Male) |
| 13:00 | Create | Villager (Male) |
| 13:01 | Create | Villager (Male) |
| 13:01 | Create | Villager (Male) |
| 13:01 | Create | Villager (Male) |
| 13:01 | Create | Villager (Male) |
| 14:20 | Build | Mill |
| 14:44 | Build | Mill |
| 15:05 | Research | Feudal Age |
| 15:13 | Build | House |
| 16:20 | Build | House |
| 16:23 | Build | Lumber Camp |
| 17:15 | Age | Feudal Age |
| 17:17 | Build | Market |
| 17:22 | Build | Blacksmith |
| 17:26 | Create | Villager (Male) |
| 17:42 | Build | Lumber Camp |
| 17:56 | Create | Villager (Male) |
| 18:07 | Build | Stone Wall |
| 18:24 | Build | Farm |
| 18:25 | Build | Farm |
| 18:37 | Research | Castle Age |
| 18:42 | Build | Farm |
| 18:42 | Build | Farm |
| 19:19 | Build | Farm |
| 19:24 | Build | Farm |
| 19:50 | Build | Stone Wall |
| 19:52 | Build | Stone Wall |
| 20:29 | Build | House |
| 20:30 | Build | House |
| 20:48 | Build | Farm |
| 20:54 | Build | Farm |
| 20:58 | Research | Horse Collar |
| 20:59 | Research | Double-Bit Axe |
| 21:17 | Age | Castle Age |
| 21:30 | Build | Monastery |
| 21:38 | Build | Town Center |
| 21:39 | Create | Villager (Male) |
| 21:56 | Create | Villager (Male) |
| 22:02 | Create | Monk |
| 22:11 | Create | Villager (Male) |
| 22:29 | Create | Villager (Male) |
| 22:41 | Create | Villager (Male) |
| 23:03 | Build | Farm |
| 23:04 | Build | Mill |
| 23:13 | Create | Villager (Male) |
| 23:29 | Create | Monk |
| 23:46 | Create | Villager (Male) |
| 23:48 | Build | Farm |
| 23:51 | Build | Farm |
| 23:55 | Create | Villager (Male) |
| 23:56 | Create | Villager (Male) |
| 24:07 | Create | Villager (Male) |
| 24:07 | Create | Villager (Male) |
| 24:25 | Build | Farm |
| 24:31 | Build | Town Center |
| 24:43 | Create | Villager (Male) |
| 24:45 | Create | Villager (Male) |
| 24:51 | Build | Farm |
| 24:57 | Create | Villager (Male) |
| 25:03 | Build | Farm |
| 25:08 | Create | Villager (Male) |
| 25:15 | Build | Farm |
| 25:20 | Build | Farm |
| 25:22 | Create | Villager (Male) |
| 25:30 | Create | Villager (Male) |
| 25:34 | Create | Villager (Male) |
| 26:01 | Create | Villager (Male) |
| 26:01 | Create | Villager (Male) |
| 26:17 | Create | Villager (Male) |
| 26:18 | Create | Villager (Male) |
| 26:23 | Build | Farm |
| 26:25 | Build | Farm |
| 26:29 | Create | Villager (Male) |
| 26:29 | Create | Villager (Male) |
| 26:57 | Build | House |
| 26:59 | Build | House |
| 27:00 | Build | House |
| 27:09 | Build | Farm |
| 27:10 | Create | Villager (Male) |
| 27:10 | Create | Villager (Male) |
| 27:15 | Build | Farm |
| 27:16 | Build | Farm |
| 27:19 | Research | Wheelbarrow |
| 27:43 | Build | Farm |
| 27:44 | Build | Farm |
| 27:46 | Build | Farm |
| 27:48 | Create | Villager (Male) |
| 27:48 | Create | Villager (Male) |
| 28:01 | Research | Heavy Plow |
| 28:02 | Research | Bow Saw |
| 28:25 | Create | Villager (Male) |
| 28:25 | Create | Villager (Male) |
| 28:30 | Build | House |
| 28:32 | Build | House |
| 28:38 | Build | Farm |
| 28:39 | Build | Mill |
| 28:41 | Create | Villager (Male) |
| 28:45 | Research | Town Watch |
| 28:47 | Create | Villager (Male) |
| 28:56 | Build | Mining Camp |
| 29:02 | Build | Lumber Camp |
| 29:09 | Create | Villager (Male) |
| 29:09 | Create | Villager (Male) |
Build order — Swizz
First 150 of 285 actions detected
| 0:02 | Create | Villager (Male) |
| 0:02 | Create | Villager (Male) |
| 0:02 | Create | Villager (Male) |
| 0:03 | Build | House |
| 0:05 | Build | House |
| 0:17 | Research | Loom |
| 0:18 | Create | Villager (Male) |
| 0:18 | Create | Villager (Male) |
| 0:18 | Create | Villager (Male) |
| 0:19 | Create | Villager (Male) |
| 0:48 | Build | Palisade Wall |
| 1:41 | Create | Villager (Male) |
| 1:41 | Create | Villager (Male) |
| 2:21 | Build | Palisade Wall |
| 2:28 | Create | Villager (Male) |
| 2:28 | Create | Villager (Male) |
| 2:33 | Build | Lumber Camp |
| 2:41 | Create | Villager (Male) |
| 2:42 | Create | Villager (Male) |
| 3:21 | Create | Villager (Male) |
| 3:22 | Create | Villager (Male) |
| 3:40 | Build | House |
| 3:48 | Build | Palisade Wall |
| 3:57 | Create | Villager (Male) |
| 4:01 | Create | Villager (Male) |
| 4:01 | Create | Villager (Male) |
| 4:39 | Build | House |
| 4:41 | Create | Villager (Male) |
| 4:42 | Create | Villager (Male) |
| 4:45 | Build | House |
| 5:41 | Build | House |
| 5:43 | Build | House |
| 6:39 | Build | Mining Camp |
| 6:42 | Create | Villager (Male) |
| 7:29 | Create | Villager (Male) |
| 7:29 | Create | Villager (Male) |
| 7:36 | Build | Mill |
| 8:14 | Create | Villager (Male) |
| 8:15 | Create | Villager (Male) |
| 8:37 | Create | Villager (Male) |
| 8:48 | Build | Dock |
| 9:26 | Create | Villager (Male) |
| 11:20 | Research | Feudal Age |
| 11:20 | Research | Feudal Age |
| 11:34 | Create | Fishing Ship |
| 11:34 | Create | Fishing Ship |
| 11:35 | Create | Fishing Ship |
| 13:25 | Create | Villager (Male) |
| 13:25 | Create | Villager (Male) |
| 13:28 | Create | Villager (Male) |
| 13:30 | Age | Feudal Age |
| 14:03 | Build | Market |
| 14:16 | Build | Market |
| 14:21 | Create | Villager (Male) |
| 14:23 | Create | Villager (Male) |
| 14:40 | Build | Mining Camp |
| 15:56 | Build | Blacksmith |
| 16:16 | Create | Villager (Male) |
| 16:16 | Create | Villager (Male) |
| 16:38 | Research | Castle Age |
| 16:56 | Create | Villager (Male) |
| 17:10 | Build | Mining Camp |
| 18:11 | Build | Farm |
| 18:11 | Build | Farm |
| 18:13 | Build | Farm |
| 18:19 | Build | Farm |
| 18:23 | Build | Farm |
| 18:24 | Build | Farm |
| 18:48 | Build | Barracks |
| 18:54 | Build | Barracks |
| 19:18 | Age | Castle Age |
| 19:25 | Create | Villager (Male) |
| 19:25 | Create | Villager (Male) |
| 19:25 | Create | Villager (Male) |
| 19:26 | Create | Villager (Male) |
| 19:26 | Create | Villager (Male) |
| 19:26 | Create | Villager (Male) |
| 19:27 | Create | Villager (Male) |
| 19:27 | Create | Villager (Male) |
| 19:27 | Create | Villager (Male) |
| 19:47 | Research | Double-Bit Axe |
| 20:28 | Build | Town Center |
| 20:33 | Create | Villager (Male) |
| 21:09 | Build | Castle |
| 21:28 | Create | Villager (Male) |
| 21:28 | Create | Villager (Male) |
| 21:28 | Create | Villager (Male) |
| 21:29 | Create | Villager (Male) |
| 21:30 | Create | Villager (Male) |
| 21:34 | Build | Farm |
| 21:43 | Build | Farm |
| 21:56 | Research | Wheelbarrow |
| 21:56 | Create | Villager (Male) |
| 21:57 | Create | Villager (Male) |
| 21:57 | Create | Villager (Male) |
| 22:06 | Research | Horse Collar |
| 22:24 | Research | Forging |
| 22:25 | Research | Scale Mail Armor |
| 22:34 | Build | Farm |
| 22:44 | Create | Villager (Male) |
| 23:02 | Build | Monastery |
| 23:15 | Build | Fish Trap |
| 23:24 | Create | Villager (Male) |
| 23:34 | Build | Lumber Camp |
| 23:42 | Create | Monk |
| 23:42 | Create | Monk |
| 23:54 | Create | Villager (Male) |
| 24:17 | Build | Fish Trap |
| 24:19 | Build | Fish Trap |
| 24:26 | Create | Villager (Male) |
| 24:37 | Create | Villager (Male) |
| 24:38 | Create | Villager (Male) |
| 24:38 | Create | Villager (Male) |
| 24:49 | Create | Villager (Male) |
| 24:53 | Research | Bow Saw |
| 25:04 | Build | Farm |
| 25:06 | Build | Farm |
| 25:22 | Build | Town Center |
| 25:26 | Create | Villager (Male) |
| 25:27 | Create | Villager (Male) |
| 26:07 | Research | Caravan |
| 26:08 | Create | Trade Cart |
| 26:13 | Create | Trade Cart |
| 26:17 | Create | Villager (Male) |
| 26:17 | Create | Villager (Male) |
| 27:13 | Research | Stone Mining |
| 27:19 | Create | Villager (Male) |
| 27:20 | Create | Villager (Male) |
| 27:20 | Create | Villager (Male) |
| 27:27 | Create | Villager (Male) |
| 27:27 | Create | Villager (Male) |
| 27:27 | Create | Villager (Male) |
| 27:44 | Create | Villager (Male) |
| 27:45 | Create | Villager (Male) |
| 27:57 | Build | House |
| 27:58 | Build | House |
| 28:03 | Build | Barracks |
| 28:06 | Build | Barracks |
| 28:06 | Build | Barracks |
| 28:12 | Create | Villager (Male) |
| 28:12 | Create | Villager (Male) |
| 28:18 | Build | Farm |
| 28:43 | Build | Castle |
| 28:47 | Create | Villager (Male) |
| 28:50 | Create | Villager (Male) |
| 28:50 | Create | Villager (Male) |
| 28:51 | Create | Villager (Male) |
| 28:51 | Create | Villager (Male) |
| 28:51 | Create | Villager (Male) |
| 28:53 | Build | Farm |
Build order — Shirasoni
First 150 of 187 actions detected
| 0:03 | Create | Villager (Male) |
| 0:05 | Build | House |
| 0:06 | Build | House |
| 0:09 | Research | Loom |
| 0:09 | Create | Villager (Male) |
| 0:22 | Create | Villager (Male) |
| 0:28 | Create | Villager (Male) |
| 1:39 | Build | Palisade Gate |
| 1:53 | Build | Palisade Wall |
| 1:55 | Build | Palisade Wall |
| 2:24 | Create | Villager (Male) |
| 2:47 | Create | Villager (Male) |
| 3:05 | Build | Palisade Wall |
| 3:16 | Create | Villager (Male) |
| 3:48 | Build | Lumber Camp |
| 4:09 | Create | Villager (Male) |
| 4:22 | Create | Villager (Male) |
| 4:48 | Create | Villager (Male) |
| 5:11 | Create | Villager (Male) |
| 5:34 | Create | Villager (Male) |
| 6:03 | Create | Villager (Male) |
| 6:22 | Build | House |
| 6:40 | Build | Mill |
| 7:02 | Create | Villager (Male) |
| 7:25 | Create | Villager (Male) |
| 7:48 | Create | Villager (Male) |
| 8:48 | Create | Villager (Male) |
| 9:08 | Research | Feudal Age |
| 9:23 | Build | Barracks |
| 9:34 | Create | Villager (Male) |
| 11:07 | Create | Villager (Male) |
| 11:20 | Create | Villager (Male) |
| 11:23 | Age | Feudal Age |
| 11:34 | Build | Watch Tower |
| 11:43 | Build | House |
| 11:49 | Build | House |
| 11:55 | Research | Wheelbarrow |
| 11:56 | Create | Villager (Male) |
| 11:59 | Research | Double-Bit Axe |
| 12:09 | Build | Mining Camp |
| 12:16 | Create | Villager (Male) |
| 12:29 | Build | House |
| 12:48 | Research | Man-at-Arms (upgrade) |
| 12:56 | Create | Villager (Male) |
| 13:07 | Research | Horse Collar |
| 13:26 | Build | Mill |
| 13:36 | Build | Mining Camp |
| 13:44 | Create | Villager (Male) |
| 13:54 | Create | Militia |
| 14:11 | Build | Gate |
| 14:27 | Create | Spearman |
| 15:19 | Build | Mill |
| 15:30 | Create | Villager (Male) |
| 15:35 | Create | Militia |
| 16:49 | Create | Villager (Male) |
| 17:14 | Build | Watch Tower |
| 17:32 | Create | Villager (Male) |
| 17:46 | Build | Mill |
| 17:48 | Create | Villager (Male) |
| 18:36 | Build | Market |
| 18:41 | Build | Blacksmith |
| 18:49 | Create | Villager (Male) |
| 19:20 | Create | Militia |
| 19:21 | Create | Militia |
| 19:24 | Create | Villager (Male) |
| 19:26 | Build | House |
| 19:31 | Build | House |
| 19:38 | Build | Farm |
| 19:40 | Build | Farm |
| 19:46 | Build | Farm |
| 19:50 | Build | Farm |
| 19:50 | Build | Farm |
| 20:07 | Create | Militia |
| 20:43 | Build | Watch Tower |
| 20:52 | Build | Barracks |
| 21:21 | Create | Villager (Male) |
| 21:25 | Build | Farm |
| 21:42 | Build | Archery Range |
| 21:44 | Build | Archery Range |
| 21:59 | Create | Villager (Male) |
| 22:03 | Research | Castle Age |
| 22:23 | Build | Mill |
| 22:28 | Create | Villager (Male) |
| 23:09 | Create | Skirmisher |
| 23:10 | Create | Skirmisher |
| 23:44 | Create | Skirmisher |
| 23:46 | Research | Fletching |
| 23:47 | Research | Padded Archer Armor |
| 23:51 | Create | Villager (Male) |
| 24:02 | Create | Villager (Male) |
| 24:11 | Research | Stone Mining |
| 24:45 | Age | Castle Age |
| 24:53 | Create | Skirmisher |
| 25:41 | Build | Siege Workshop |
| 25:44 | Create | Villager (Male) |
| 25:53 | Research | Elite Skirmisher (upgrade) |
| 25:55 | Create | Skirmisher |
| 26:03 | Create | Villager (Male) |
| 26:14 | Build | House |
| 26:35 | Create | Skirmisher |
| 26:57 | Research | Long Swordsman (upgrade) |
| 26:58 | Research | Squires |
| 27:01 | Create | Militia |
| 27:02 | Create | Militia |
| 27:05 | Create | Skirmisher |
| 27:05 | Create | Skirmisher |
| 27:57 | Create | Skirmisher |
| 28:06 | Create | Battering Ram |
| 28:32 | Create | Villager (Male) |
| 29:15 | Build | Stone Wall |
| 29:20 | Create | Villager (Male) |
| 29:21 | Create | Villager (Male) |
| 29:28 | Build | Farm |
| 29:33 | Research | Gold Mining |
| 29:51 | Build | Farm |
| 29:51 | Build | Farm |
| 29:52 | Build | Farm |
| 29:52 | Build | Farm |
| 29:53 | Build | Farm |
| 30:23 | Create | Villager (Male) |
| 30:24 | Create | Villager (Male) |
| 30:34 | Build | Farm |
| 30:36 | Build | Farm |
| 30:36 | Build | Farm |
| 30:50 | Research | Bow Saw |
| 30:57 | Build | House |
| 30:58 | Build | House |
| 30:58 | Build | House |
| 30:59 | Build | House |
| 30:59 | Build | House |
| 30:59 | Build | House |
| 31:05 | Build | House |
| 31:56 | Create | Villager (Male) |
| 31:57 | Create | Villager (Male) |
| 31:59 | Build | Farm |
| 32:01 | Build | Farm |
| 32:04 | Build | Farm |
| 32:13 | Create | Villager (Male) |
| 32:35 | Build | Castle |
| 33:07 | Create | Villager (Male) |
| 33:14 | Build | House |
| 33:15 | Build | House |
| 33:17 | Build | House |
| 33:44 | Create | Villager (Male) |
| 34:01 | Research | Gold Shaft Mining |
| 34:37 | Build | University |
| 34:41 | Research | Imperial Age |
| 35:02 | Build | Gate |
| 35:47 | Build | Siege Workshop |
| 35:51 | Create | Villager (Male) |
Build order — vladimir
First 150 of 221 actions detected
| 0:01 | Create | Villager (Male) |
| 0:02 | Create | Villager (Male) |
| 0:03 | Build | House |
| 0:05 | Build | House |
| 0:29 | Build | Palisade Wall |
| 0:45 | Build | Palisade Wall |
| 0:57 | Create | Villager (Male) |
| 1:23 | Research | Loom |
| 1:24 | Create | Villager (Male) |
| 1:32 | Create | Villager (Male) |
| 2:34 | Build | Lumber Camp |
| 2:43 | Create | Villager (Male) |
| 3:35 | Create | Villager (Male) |
| 4:24 | Create | Villager (Male) |
| 5:27 | Build | Lumber Camp |
| 5:49 | Create | Villager (Male) |
| 6:17 | Create | Villager (Male) |
| 6:24 | Build | House |
| 7:05 | Create | Villager (Male) |
| 7:14 | Build | Dock |
| 7:27 | Create | Villager (Male) |
| 7:44 | Create | Villager (Male) |
| 8:10 | Build | Mill |
| 8:16 | Create | Villager (Male) |
| 8:36 | Create | Fishing Ship |
| 8:40 | Create | Villager (Male) |
| 8:54 | Build | House |
| 8:58 | Create | Villager (Male) |
| 9:29 | Create | Villager (Male) |
| 9:34 | Create | Villager (Male) |
| 9:38 | Create | Fishing Ship |
| 10:14 | Build | House |
| 10:22 | Create | Villager (Male) |
| 10:29 | Create | Villager (Male) |
| 10:33 | Create | Fishing Ship |
| 10:48 | Create | Villager (Male) |
| 11:01 | Create | Villager (Male) |
| 11:12 | Build | Mill |
| 11:27 | Build | Lumber Camp |
| 11:32 | Build | House |
| 11:37 | Create | Villager (Male) |
| 12:37 | Research | Feudal Age |
| 12:38 | Create | Villager (Male) |
| 12:59 | Create | Villager (Male) |
| 13:15 | Build | Mining Camp |
| 13:44 | Create | Villager (Male) |
| 14:12 | Build | Mining Camp |
| 14:41 | Age | Feudal Age |
| 14:44 | Build | Stone Wall |
| 15:15 | Create | Villager (Male) |
| 15:34 | Build | Barracks |
| 15:35 | Create | Villager (Male) ×5 |
| 15:41 | Build | Farm |
| 15:41 | Build | Farm |
| 15:42 | Build | Farm |
| 15:42 | Build | Farm |
| 15:43 | Build | Farm |
| 15:47 | Research | Double-Bit Axe |
| 16:13 | Build | House |
| 16:41 | Create | Villager (Male) ×5 |
| 16:46 | Build | House |
| 17:19 | Build | Archery Range |
| 17:53 | Create | Villager (Male) |
| 18:00 | Build | Stone Wall |
| 18:05 | Create | Archer |
| 18:06 | Create | Archer |
| 18:17 | Create | Villager (Male) |
| 18:19 | Research | Wheelbarrow |
| 18:24 | Build | Fish Trap |
| 18:27 | Build | Fish Trap |
| 18:32 | Build | Fish Trap |
| 18:33 | Create | Villager (Male) |
| 18:44 | Create | Archer |
| 18:58 | Build | Stone Wall |
| 19:05 | Create | Archer |
| 19:06 | Create | Archer |
| 19:08 | Create | Villager (Male) ×5 |
| 19:16 | Build | Stone Wall |
| 19:29 | Create | Archer |
| 19:34 | Build | Blacksmith |
| 19:37 | Build | Farm |
| 19:37 | Build | Farm |
| 19:48 | Create | Villager (Male) |
| 19:58 | Build | House |
| 19:59 | Build | House |
| 20:00 | Build | House |
| 20:02 | Build | Farm |
| 20:18 | Build | Lumber Camp |
| 20:32 | Create | Archer |
| 20:55 | Create | Villager (Male) |
| 20:58 | Build | House |
| 21:00 | Build | House |
| 21:00 | Build | House |
| 21:21 | Research | Fletching |
| 21:34 | Create | Militia |
| 21:34 | Research | Man-at-Arms (upgrade) |
| 21:41 | Build | Farm |
| 21:42 | Build | Farm |
| 21:42 | Build | Farm |
| 21:48 | Build | Lumber Camp |
| 22:08 | Create | Archer |
| 22:13 | Build | Mining Camp |
| 22:28 | Build | Farm |
| 22:28 | Build | Farm |
| 22:29 | Build | Farm |
| 22:29 | Build | Farm |
| 22:29 | Build | Farm |
| 22:29 | Build | Farm |
| 22:52 | Create | Villager (Male) ×5 |
| 23:01 | Research | Castle Age |
| 23:04 | Create | Villager (Male) |
| 23:19 | Build | House |
| 23:21 | Build | House |
| 23:23 | Build | House |
| 23:24 | Build | House |
| 23:25 | Build | House |
| 23:26 | Build | House |
| 23:27 | Build | House |
| 23:28 | Build | House |
| 23:29 | Build | House |
| 23:30 | Build | House |
| 23:42 | Create | Spearman ×5 |
| 23:55 | Build | Farm |
| 23:55 | Build | Farm |
| 24:08 | Build | Market |
| 25:13 | Create | Villager (Male) ×5 |
| 25:32 | Create | Skirmisher |
| 25:33 | Create | Skirmisher |
| 25:33 | Create | Skirmisher |
| 25:45 | Create | Villager (Male) ×5 |
| 25:48 | Age | Castle Age |
| 26:24 | Build | Castle |
| 26:39 | Create | Villager (Male) ×5 |
| 27:35 | Research | Bodkin Arrow |
| 27:36 | Research | Padded Archer Armor |
| 27:49 | Create | Villager (Male) ×2 |
| 27:55 | Build | University |
| 28:22 | Create | Villager (Male) ×4 |
| 28:31 | Build | Town Center |
| 28:52 | Build | Stone Wall |
| 29:06 | Build | Farm |
| 29:07 | Build | Farm |
| 29:07 | Build | Farm |
| 29:07 | Build | Farm |
| 29:07 | Build | Farm |
| 29:07 | Build | Farm |
| 29:08 | Build | Farm |
| 29:10 | Research | Horse Collar |
| 29:13 | Research | Bow Saw |
| 29:39 | Create | Villager (Male) ×3 |
Build order — Wolfgang5150
First 150 of 164 actions detected
| 0:02 | Research | Loom |
| 0:03 | Create | Villager (Male) ×4 |
| 2:00 | Create | Villager (Male) |
| 2:38 | Create | Villager (Male) |
| 2:38 | Create | Villager (Male) |
| 2:47 | Create | Villager (Male) |
| 3:49 | Create | Villager (Male) |
| 3:49 | Create | Villager (Male) |
| 4:40 | Create | Villager (Male) |
| 4:40 | Create | Villager (Male) |
| 5:28 | Build | Mill |
| 5:32 | Create | Villager (Male) |
| 5:32 | Create | Villager (Male) |
| 6:14 | Build | Mill |
| 6:19 | Create | Villager (Male) |
| 6:20 | Create | Villager (Male) |
| 7:12 | Create | Villager (Male) |
| 7:12 | Create | Villager (Male) |
| 7:48 | Create | Villager (Male) |
| 7:48 | Create | Villager (Male) |
| 8:09 | Build | Lumber Camp |
| 10:06 | Research | Feudal Age |
| 10:25 | Build | Barracks |
| 10:43 | Create | Villager (Male) |
| 10:43 | Create | Villager (Male) |
| 11:09 | Build | Mill |
| 12:16 | Age | Feudal Age |
| 12:17 | Research | Double-Bit Axe |
| 12:20 | Research | Horse Collar |
| 12:54 | Build | Mining Camp |
| 13:07 | Create | Villager (Male) |
| 13:08 | Create | Villager (Male) |
| 13:25 | Build | Stable |
| 13:33 | Build | Stable |
| 13:56 | Build | Blacksmith |
| 14:00 | Create | Villager (Male) |
| 14:00 | Create | Villager (Male) |
| 14:02 | Create | Villager (Male) |
| 14:30 | Build | Farm |
| 14:54 | Research | Bloodlines |
| 14:57 | Build | Farm |
| 15:19 | Build | Farm |
| 15:20 | Create | Villager (Male) |
| 15:21 | Create | Villager (Male) |
| 15:21 | Create | Villager (Male) |
| 15:30 | Create | Scout Cavalry ×3 |
| 15:44 | Build | Market |
| 16:11 | Create | Villager (Male) |
| 16:11 | Create | Villager (Male) |
| 16:20 | Create | Villager (Male) |
| 17:02 | Build | Farm |
| 17:04 | Build | Farm |
| 17:07 | Build | Farm |
| 17:09 | Build | Farm |
| 17:30 | Create | Villager (Male) |
| 17:30 | Create | Villager (Male) |
| 17:31 | Create | Villager (Male) |
| 17:47 | Build | Farm |
| 17:50 | Build | Farm |
| 17:51 | Build | Farm |
| 17:54 | Build | Farm |
| 17:55 | Build | Farm |
| 17:56 | Build | Farm |
| 17:59 | Build | Farm |
| 18:02 | Build | Farm |
| 18:30 | Research | Forging |
| 18:45 | Create | Villager (Male) |
| 18:46 | Create | Villager (Male) |
| 18:46 | Create | Villager (Male) |
| 18:59 | Research | Scale Barding Armor |
| 20:00 | Research | Wheelbarrow |
| 21:43 | Research | Castle Age |
| 21:55 | Research | Gold Mining |
| 22:18 | Research | Stone Mining |
| 22:39 | Research | Fletching |
| 24:00 | Create | Villager (Male) ×5 |
| 24:23 | Age | Castle Age |
| 25:08 | Build | Castle |
| 25:16 | Build | Mining Camp |
| 25:27 | Build | Town Center |
| 25:31 | Research | Bow Saw |
| 25:34 | Research | Heavy Plow |
| 25:37 | Research | Husbandry |
| 25:39 | Research | Light Cavalry (upgrade) |
| 26:33 | Create | Villager (Male) ×5 |
| 26:47 | Research | Town Watch |
| 27:04 | Research | Iron Casting |
| 27:11 | Build | Farm |
| 27:29 | Build | Farm |
| 27:32 | Build | Farm |
| 27:57 | Build | Farm |
| 28:04 | Build | Farm |
| 28:26 | Create | Villager (Male) ×5 |
| 28:38 | Build | Archery Range |
| 28:44 | Build | Archery Range |
| 28:48 | Build | Archery Range |
| 28:50 | Build | Archery Range |
| 28:55 | Build | Archery Range |
| 29:02 | Build | Stable |
| 29:04 | Build | Stable |
| 29:09 | Build | Stable |
| 29:18 | Research | Gold Shaft Mining |
| 29:23 | Create | Villager (Male) ×5 |
| 30:36 | Research | Bodkin Arrow |
| 30:46 | Create | Villager (Male) ×5 |
| 31:20 | Build | Farm |
| 31:24 | Build | Farm |
| 31:44 | Build | Farm |
| 32:00 | Build | Farm |
| 32:07 | Build | Farm |
| 32:13 | Research | Imperial Age |
| 32:25 | Build | Town Center |
| 32:31 | Build | Monastery |
| 32:42 | Build | University |
| 33:01 | Research | Hand Cart |
| 33:06 | Research | Padded Archer Armor |
| 33:37 | Create | Villager (Male) ×5 |
| 33:52 | Create | Cavalry Archer ×5 |
| 34:04 | Create | Monk |
| 34:06 | Research | Fervor |
| 34:32 | Research | Ballistics |
| 34:33 | Research | Murder Holes |
| 34:34 | Research | Masonry |
| 34:57 | Create | Villager (Male) ×5 |
| 35:04 | Create | Villager (Male) ×2 |
| 35:23 | Age | Imperial Age |
| 35:32 | Research | Marauders |
| 35:34 | Research | Conscription |
| 35:38 | Research | Marauders |
| 35:47 | Create | Cavalry Archer ×4 |
| 36:01 | Create | Cavalry Archer |
| 36:04 | Research | Two-Man Saw |
| 36:15 | Build | Mining Camp |
| 36:24 | Build | Castle |
| 36:39 | Build | Castle |
| 36:53 | Build | Mining Camp |
| 37:00 | Research | Parthian Tactics |
| 37:07 | Create | Cavalry Archer ×5 |
| 37:17 | Create | Villager (Male) ×5 |
| 37:34 | Research | Bracer |
| 37:53 | Build | Stone Wall |
| 38:09 | Build | Mining Camp |
| 38:17 | Create | Cavalry Archer ×5 |
| 38:50 | Create | Trebuchet (Packed) |
| 38:50 | Create | Trebuchet (Packed) |
| 39:01 | Create | Trebuchet (Packed) |
| 39:08 | Create | Cavalry Archer ×2 |
| 39:12 | Create | Cavalry Archer |
| 39:29 | Create | Cavalry Archer |
| 39:29 | Create | Cavalry Archer |
Build order — Underwood6918
First 150 of 231 actions detected
| 0:04 | Build | House |
| 0:06 | Build | House |
| 1:00 | Create | Villager (Male) |
| 1:00 | Create | Villager (Male) |
| 1:01 | Create | Villager (Male) |
| 1:01 | Create | Villager (Male) |
| 1:01 | Create | Villager (Male) |
| 1:44 | Create | Villager (Male) |
| 2:32 | Create | Villager (Male) |
| 2:48 | Build | House |
| 3:27 | Build | Lumber Camp |
| 3:28 | Create | Villager (Male) |
| 3:28 | Create | Villager (Male) |
| 4:31 | Create | Villager (Male) |
| 4:32 | Create | Villager (Male) |
| 5:06 | Build | Mill |
| 5:39 | Create | Villager (Male) |
| 5:39 | Create | Villager (Male) |
| 5:50 | Create | Villager (Male) |
| 6:07 | Create | Villager (Male) |
| 6:15 | Build | House |
| 6:24 | Create | Villager (Male) |
| 6:49 | Create | Villager (Male) |
| 6:53 | Create | Villager (Male) |
| 7:18 | Create | Villager (Male) |
| 7:22 | Research | Loom |
| 7:30 | Build | Lumber Camp |
| 9:11 | Build | Barracks |
| 9:21 | Build | House |
| 9:22 | Build | House |
| 9:24 | Build | House |
| 9:25 | Build | House |
| 9:59 | Research | Feudal Age |
| 12:09 | Age | Feudal Age |
| 12:12 | Research | Wheelbarrow |
| 12:14 | Research | Horse Collar |
| 12:15 | Research | Double-Bit Axe |
| 12:22 | Create | Villager (Male) |
| 12:22 | Create | Villager (Male) |
| 12:22 | Create | Villager (Male) |
| 12:22 | Create | Villager (Male) |
| 12:22 | Create | Villager (Male) |
| 12:38 | Build | Blacksmith |
| 12:58 | Build | Farm |
| 12:59 | Build | Farm |
| 13:00 | Build | Farm |
| 13:01 | Build | Farm |
| 13:02 | Build | Farm |
| 13:03 | Build | Farm |
| 13:22 | Build | Mill |
| 13:43 | Build | Farm |
| 14:12 | Build | Lumber Camp |
| 15:25 | Build | Stable |
| 15:39 | Build | Mining Camp |
| 15:40 | Create | Villager (Male) |
| 15:40 | Create | Villager (Male) |
| 15:41 | Create | Villager (Male) |
| 15:41 | Create | Villager (Male) |
| 15:41 | Create | Villager (Male) |
| 15:41 | Create | Villager (Male) |
| 15:42 | Create | Villager (Male) |
| 15:42 | Create | Villager (Male) |
| 16:19 | Research | Gold Mining |
| 16:20 | Research | Stone Mining |
| 16:25 | Research | Forging |
| 16:26 | Research | Scale Mail Armor |
| 17:15 | Research | Man-at-Arms (upgrade) |
| 17:29 | Build | Mining Camp |
| 18:09 | Build | Farm |
| 18:11 | Build | Farm |
| 18:12 | Build | Farm |
| 18:16 | Build | Farm |
| 18:21 | Build | Farm |
| 18:26 | Build | Farm |
| 18:45 | Build | Market |
| 19:58 | Create | Militia ×5 |
| 20:40 | Research | Castle Age |
| 22:00 | Build | Market |
| 22:43 | Research | Fletching |
| 23:18 | Build | House |
| 23:19 | Build | House |
| 23:20 | Age | Castle Age |
| 23:21 | Build | House |
| 23:22 | Build | House |
| 23:23 | Build | House |
| 23:35 | Build | Town Center |
| 23:44 | Build | Town Center |
| 23:53 | Research | Hand Cart |
| 23:56 | Research | Bow Saw |
| 23:57 | Research | Heavy Plow |
| 24:00 | Create | Villager (Male) |
| 24:00 | Create | Villager (Male) |
| 24:00 | Create | Villager (Male) |
| 24:00 | Create | Villager (Male) |
| 24:01 | Create | Villager (Male) |
| 24:01 | Create | Villager (Male) |
| 24:41 | Create | Villager (Male) |
| 24:42 | Create | Villager (Male) |
| 24:42 | Create | Villager (Male) |
| 25:01 | Build | House |
| 25:02 | Build | House |
| 25:04 | Build | House |
| 25:05 | Build | House |
| 25:07 | Build | House |
| 25:09 | Build | House |
| 25:11 | Build | House |
| 25:17 | Build | House |
| 25:18 | Build | House |
| 25:19 | Build | House |
| 25:21 | Build | House |
| 25:29 | Build | House |
| 25:30 | Build | House |
| 25:32 | Build | House |
| 25:33 | Build | House |
| 25:40 | Build | Farm |
| 25:41 | Create | Villager (Male) |
| 25:41 | Create | Villager (Male) |
| 25:42 | Create | Villager (Male) |
| 25:42 | Create | Villager (Male) |
| 25:42 | Create | Villager (Male) |
| 25:42 | Create | Villager (Male) |
| 25:43 | Create | Villager (Male) |
| 25:49 | Build | Farm |
| 26:25 | Build | Farm |
| 26:33 | Build | Farm |
| 26:38 | Create | Villager (Male) |
| 26:38 | Create | Villager (Male) |
| 26:38 | Create | Villager (Male) |
| 26:39 | Create | Villager (Male) |
| 26:39 | Create | Villager (Male) |
| 26:39 | Create | Villager (Male) |
| 26:39 | Create | Villager (Male) |
| 26:51 | Create | Villager (Male) |
| 26:51 | Create | Villager (Male) |
| 27:22 | Build | Farm |
| 27:28 | Build | Farm |
| 27:31 | Create | Villager (Male) |
| 27:31 | Create | Villager (Male) |
| 27:32 | Create | Villager (Male) |
| 27:32 | Create | Villager (Male) |
| 27:32 | Create | Villager (Male) |
| 27:33 | Create | Villager (Male) |
| 28:44 | Build | Farm |
| 28:45 | Build | Farm |
| 28:47 | Build | Farm |
| 29:00 | Create | Villager (Male) |
| 29:00 | Create | Villager (Male) |
| 29:00 | Create | Villager (Male) |
| 29:00 | Create | Villager (Male) |
| 29:01 | Create | Villager (Male) |
Build order — 噴射大肉G
First 150 of 276 actions detected
| 0:02 | Create | Villager (Male) |
| 0:02 | Create | Villager (Male) |
| 0:50 | Build | House |
| 1:11 | Build | Palisade Wall |
| 2:11 | Create | Villager (Male) |
| 2:11 | Create | Villager (Male) |
| 2:11 | Create | Villager (Male) |
| 2:45 | Create | Villager (Male) |
| 2:45 | Create | Villager (Male) |
| 3:53 | Create | Villager (Male) |
| 3:58 | Build | House |
| 4:35 | Create | Villager (Male) |
| 5:07 | Create | Villager (Male) |
| 5:08 | Create | Villager (Male) |
| 5:44 | Build | Lumber Camp |
| 6:01 | Create | Villager (Male) |
| 6:01 | Create | Villager (Male) |
| 6:55 | Build | House |
| 7:00 | Create | Villager (Male) |
| 7:00 | Create | Villager (Male) |
| 7:36 | Create | Villager (Male) |
| 7:36 | Create | Villager (Male) |
| 7:37 | Create | Villager (Male) |
| 8:43 | Create | Villager (Male) |
| 8:48 | Build | House |
| 9:12 | Create | Villager (Male) |
| 9:19 | Build | Palisade Wall |
| 9:24 | Build | Palisade Wall |
| 9:34 | Create | Villager (Male) |
| 9:49 | Build | Mill |
| 9:51 | Create | Villager (Male) |
| 10:04 | Build | House |
| 10:07 | Build | Palisade Wall |
| 10:39 | Create | Villager (Male) |
| 10:39 | Create | Villager (Male) |
| 11:01 | Build | Outpost |
| 11:15 | Build | Farm |
| 11:43 | Build | Farm |
| 11:48 | Create | Villager (Male) |
| 12:07 | Create | Villager (Male) |
| 12:43 | Create | Villager (Male) |
| 12:51 | Build | Farm |
| 13:10 | Build | Farm |
| 13:30 | Research | Feudal Age |
| 13:31 | Research | Feudal Age |
| 15:30 | Create | Villager (Male) |
| 15:30 | Create | Villager (Male) |
| 15:40 | Age | Feudal Age |
| 15:46 | Build | Market |
| 15:55 | Build | Farm |
| 15:56 | Build | Farm |
| 15:57 | Build | Farm |
| 15:59 | Build | Farm |
| 16:12 | Build | House |
| 16:20 | Build | House |
| 16:21 | Build | House |
| 16:30 | Build | Farm |
| 16:48 | Build | Farm |
| 16:49 | Create | Villager (Male) |
| 17:02 | Build | Farm |
| 17:24 | Create | Villager (Male) |
| 17:31 | Build | Mining Camp |
| 17:43 | Build | Farm |
| 17:52 | Build | Farm |
| 18:06 | Create | Villager (Male) |
| 18:13 | Build | Farm |
| 18:32 | Build | Farm |
| 18:44 | Build | Farm |
| 18:53 | Build | Farm |
| 19:29 | Research | Horse Collar |
| 19:56 | Build | Farm |
| 20:10 | Build | Blacksmith |
| 20:25 | Build | Blacksmith |
| 20:48 | Research | Double-Bit Axe |
| 20:49 | Research | Double-Bit Axe |
| 20:57 | Research | Castle Age |
| 20:57 | Research | Castle Age |
| 20:58 | Research | Castle Age |
| 21:19 | Build | Farm |
| 22:25 | Research | Gold Mining |
| 22:31 | Research | Scale Barding Armor |
| 22:49 | Research | Fletching |
| 23:29 | Create | Villager (Male) |
| 23:30 | Create | Villager (Male) |
| 23:37 | Age | Castle Age |
| 23:49 | Build | Town Center |
| 23:53 | Create | Villager (Male) |
| 23:53 | Create | Villager (Male) |
| 24:30 | Build | House |
| 24:31 | Build | House |
| 25:00 | Build | Mining Camp |
| 25:04 | Create | Villager (Male) |
| 25:07 | Research | Heavy Plow |
| 25:23 | Create | Villager (Male) |
| 25:24 | Create | Villager (Male) |
| 25:24 | Create | Villager (Male) |
| 25:39 | Build | House |
| 25:39 | Build | House |
| 25:45 | Build | University |
| 25:52 | Create | Villager (Male) |
| 25:52 | Create | Villager (Male) |
| 25:55 | Create | Villager (Male) |
| 25:55 | Create | Villager (Male) |
| 25:56 | Create | Villager (Male) |
| 26:17 | Research | Bow Saw |
| 26:23 | Build | House |
| 26:24 | Build | House |
| 26:31 | Build | Farm |
| 26:34 | Create | Villager (Male) |
| 26:34 | Create | Villager (Male) |
| 26:49 | Build | Farm |
| 26:57 | Build | Farm |
| 27:00 | Create | Villager (Male) |
| 27:00 | Create | Villager (Male) |
| 27:22 | Create | Villager (Male) |
| 27:40 | Build | Siege Workshop |
| 27:44 | Create | Villager (Male) |
| 27:45 | Create | Villager (Male) |
| 27:51 | Create | Villager (Male) |
| 27:59 | Build | Farm |
| 28:02 | Build | Farm |
| 28:05 | Create | Villager (Male) |
| 28:22 | Research | Gold Shaft Mining |
| 28:25 | Research | Chain Barding Armor |
| 28:44 | Create | Armored Elephant |
| 29:19 | Build | Barracks |
| 29:29 | Create | Villager (Male) |
| 29:29 | Create | Villager (Male) |
| 29:29 | Create | Villager (Male) |
| 29:31 | Create | Villager (Male) |
| 29:31 | Create | Villager (Male) |
| 29:34 | Build | Farm |
| 29:37 | Build | Farm |
| 29:44 | Research | Bodkin Arrow |
| 29:45 | Create | Villager (Male) |
| 29:45 | Create | Villager (Male) |
| 29:48 | Research | Treadmill Crane |
| 30:09 | Build | Farm |
| 30:12 | Build | Farm |
| 30:13 | Create | Villager (Male) |
| 30:14 | Create | Villager (Male) |
| 30:44 | Create | Villager (Male) |
| 30:44 | Create | Villager (Male) |
| 31:09 | Build | Stable |
| 31:23 | Build | Farm |
| 31:24 | Create | Villager (Male) |
| 31:32 | Build | Farm |
| 31:33 | Build | Farm |
| 31:35 | Build | Farm |
| 31:48 | Create | Villager (Male) |
Build order — tunglam.4747
First 150 of 389 actions detected
| 0:03 | Create | Villager (Male) |
| 0:04 | Create | Villager (Male) |
| 0:04 | Create | Villager (Male) |
| 0:04 | Create | Villager (Male) |
| 0:05 | Create | Villager (Male) |
| 0:11 | Build | House |
| 0:15 | Build | House |
| 0:24 | Research | Loom |
| 0:41 | Build | Mill |
| 2:30 | Create | Villager (Male) |
| 2:30 | Create | Villager (Male) |
| 2:31 | Create | Villager (Male) |
| 3:03 | Create | Villager (Male) |
| 3:04 | Create | Villager (Male) |
| 3:38 | Build | Palisade Wall |
| 4:03 | Create | Villager (Male) |
| 4:03 | Create | Villager (Male) |
| 4:04 | Create | Villager (Male) |
| 4:18 | Create | Villager (Male) |
| 4:19 | Create | Villager (Male) |
| 4:37 | Create | Villager (Male) |
| 4:53 | Build | House |
| 4:58 | Create | Villager (Male) |
| 5:34 | Build | House |
| 5:38 | Build | House |
| 5:41 | Create | Villager (Male) |
| 5:42 | Create | Villager (Male) |
| 5:42 | Create | Villager (Male) |
| 6:07 | Create | Villager (Male) |
| 6:07 | Create | Villager (Male) |
| 6:15 | Create | Villager (Male) |
| 6:16 | Create | Villager (Male) |
| 6:38 | Create | Villager (Male) |
| 6:38 | Create | Villager (Male) |
| 6:38 | Create | Villager (Male) |
| 6:55 | Create | Villager (Male) |
| 6:55 | Create | Villager (Male) |
| 7:07 | Create | Villager (Male) |
| 7:08 | Create | Villager (Male) |
| 7:22 | Build | Lumber Camp |
| 8:02 | Create | Villager (Male) |
| 8:03 | Create | Villager (Male) |
| 8:03 | Create | Villager (Male) |
| 8:03 | Create | Villager (Male) |
| 8:54 | Create | Villager (Male) |
| 9:22 | Build | Palisade Wall |
| 9:26 | Build | Palisade Wall |
| 9:43 | Create | Villager (Male) |
| 10:04 | Create | Villager (Male) |
| 11:00 | Research | Feudal Age |
| 11:35 | Build | Dock |
| 12:06 | Build | Mining Camp |
| 12:42 | Build | House |
| 12:52 | Create | Villager (Male) |
| 13:18 | Age | Feudal Age |
| 13:27 | Create | Fishing Ship |
| 13:28 | Create | Fishing Ship |
| 13:48 | Build | Market |
| 13:55 | Research | Wheelbarrow |
| 14:14 | Build | Blacksmith |
| 14:20 | Create | Fishing Ship |
| 14:38 | Build | Stone Wall |
| 14:46 | Build | Gate |
| 14:59 | Build | Farm |
| 15:02 | Build | Farm |
| 15:06 | Build | Farm |
| 15:11 | Build | Farm |
| 15:19 | Create | Villager (Male) |
| 15:19 | Create | Villager (Male) |
| 15:43 | Build | Farm |
| 15:47 | Create | Villager (Male) |
| 16:13 | Create | Fishing Ship |
| 16:34 | Create | Villager (Male) |
| 16:48 | Build | House |
| 16:53 | Create | Villager (Male) |
| 17:08 | Build | Farm |
| 17:12 | Create | Villager (Male) |
| 17:26 | Build | Farm |
| 17:30 | Build | Farm |
| 17:36 | Create | Villager (Male) |
| 17:50 | Build | Stone Wall |
| 18:21 | Build | Mining Camp |
| 18:26 | Research | Castle Age |
| 18:35 | Research | Fletching |
| 18:46 | Research | Double-Bit Axe |
| 18:56 | Build | Lumber Camp |
| 19:10 | Build | Fish Trap |
| 19:17 | Build | Fish Trap |
| 19:19 | Create | Fishing Ship |
| 19:20 | Create | Fishing Ship |
| 19:35 | Build | House |
| 19:38 | Build | House |
| 19:54 | Create | Villager (Male) |
| 19:57 | Research | Stone Mining |
| 20:07 | Create | Villager (Male) |
| 20:38 | Create | Villager (Male) |
| 20:39 | Create | Villager (Male) |
| 20:52 | Build | House |
| 20:55 | Build | House |
| 21:05 | Create | Villager (Male) |
| 21:06 | Age | Castle Age |
| 21:21 | Build | Town Center |
| 21:27 | Research | Bow Saw |
| 21:46 | Build | Fish Trap |
| 21:52 | Build | Fish Trap |
| 21:57 | Build | Fish Trap |
| 22:07 | Build | Fish Trap |
| 22:18 | Build | House |
| 22:28 | Create | Villager (Male) |
| 22:38 | Create | Villager (Male) |
| 22:59 | Build | Town Center |
| 23:09 | Create | Villager (Male) |
| 23:16 | Build | Farm |
| 23:27 | Build | Farm |
| 23:30 | Build | Farm |
| 23:34 | Create | Villager (Male) |
| 23:36 | Create | Villager (Male) |
| 23:36 | Create | Villager (Male) |
| 23:37 | Create | Villager (Male) |
| 24:03 | Create | Villager (Male) |
| 24:05 | Create | Villager (Male) |
| 24:36 | Create | Fishing Ship |
| 24:54 | Research | Hand Cart |
| 25:02 | Build | Farm |
| 25:05 | Build | Farm |
| 25:09 | Build | Farm |
| 25:13 | Create | Villager (Male) |
| 25:49 | Build | Farm |
| 25:51 | Build | Farm |
| 25:53 | Build | Farm |
| 25:58 | Build | Farm |
| 26:02 | Create | Villager (Male) |
| 26:02 | Create | Villager (Male) |
| 26:09 | Create | Villager (Male) |
| 26:10 | Create | Villager (Male) |
| 26:28 | Build | Castle |
| 26:32 | Create | Villager (Male) |
| 26:35 | Create | Villager (Male) |
| 26:35 | Create | Villager (Male) |
| 26:35 | Create | Villager (Male) |
| 26:36 | Create | Villager (Male) |
| 26:38 | Create | Villager (Male) |
| 26:39 | Create | Villager (Male) |
| 26:40 | Create | Villager (Male) |
| 26:40 | Create | Villager (Male) |
| 26:41 | Create | Villager (Male) |
| 26:57 | Build | Farm |
| 27:16 | Build | House |
| 27:16 | Build | House |
| 27:16 | Build | House |
Match timeline
| 0:29 | vladimir · wall_segment Palisade Wall x10 |
| 0:45 | vladimir · wall_segment Palisade Wall x10 |
| 0:48 | Swizz · wall_segment Palisade Wall x8 |
| 1:11 | 噴射大肉G · wall_segment Palisade Wall x8 |
| 1:53 | Shirasoni · wall_segment Palisade Wall x1 |
| 1:55 | Shirasoni · wall_segment Palisade Wall x2 |
| 2:21 | Swizz · wall_segment Palisade Wall x11 |
| 3:05 | Shirasoni · wall_segment Palisade Wall x9 |
| 3:38 | tunglam.4747 · wall_segment Palisade Wall x7 |
| 3:48 | Swizz · wall_segment Palisade Wall x1 |
| 7:14 | vladimir · first_building Dock |
| 8:48 | Swizz · first_building Dock |
| 9:11 | Underwood6918 · first_building Barracks |
| 9:19 | 噴射大肉G · wall_segment Palisade Wall x1 |
| 9:22 | tunglam.4747 · wall_segment Palisade Wall x10 |
| 9:23 | Shirasoni · first_building Barracks |
| 9:24 | 噴射大肉G · wall_segment Palisade Wall x3 |
| 9:26 | tunglam.4747 · wall_segment Palisade Wall x1 |
| 10:07 | 噴射大肉G · wall_segment Palisade Wall x1 |
| 10:25 | Wolfgang5150 · first_building Barracks |
| 11:23 | Shirasoni · age_up feudal |
| 11:35 | tunglam.4747 · first_building Dock |
| 12:09 | Underwood6918 · age_up feudal |
| 12:16 | Wolfgang5150 · age_up feudal |
| 13:18 | tunglam.4747 · age_up feudal |
| 13:25 | Wolfgang5150 · first_building Stable |
| 13:30 | Swizz · age_up feudal |
| 14:38 | tunglam.4747 · wall_segment Stone Wall x10 |
| 14:41 | vladimir · age_up feudal |
| 14:44 | vladimir · wall_segment Stone Wall x11 |
| 15:25 | Underwood6918 · first_building Stable |
| 15:34 | vladimir · first_building Barracks |
| 15:40 | 噴射大肉G · age_up feudal |
| 16:33 | Swizz · first_market_sell 100 wood |
| 17:15 | MIG · age_up feudal |
| 17:19 | vladimir · first_building Archery Range |
| 17:50 | tunglam.4747 · wall_segment Stone Wall x3 |
| 18:00 | vladimir · wall_segment Stone Wall x7 |
| 18:07 | MIG · wall_segment Stone Wall x10 |
| 18:32 | MIG · first_market_sell 100 food |
| 18:48 | Swizz · first_building Barracks |
| 18:58 | vladimir · wall_segment Stone Wall x1 |
| 18:59 | 噴射大肉G · first_market_sell 100 stone |
| 19:16 | vladimir · wall_segment Stone Wall x6 |
| 19:18 | Swizz · age_up castle |
| 19:50 | MIG · wall_segment Stone Wall x1 |
| 19:52 | MIG · wall_segment Stone Wall x1 |
| 20:04 | 噴射大肉G · first_market_buy 100 wood |
| 21:06 | tunglam.4747 · age_up castle |
| 21:09 | Swizz · first_building Castle |
| 21:11 | Wolfgang5150 · first_market_buy 100 food |
| 21:17 | MIG · age_up castle |
| 21:30 | MIG · first_building Monastery |
| 21:42 | Shirasoni · first_building Archery Range |
| 22:02 | Shirasoni · first_market_sell 100 stone |
| 23:02 | Swizz · first_building Monastery |
| 23:20 | Underwood6918 · age_up castle |
| 23:37 | 噴射大肉G · age_up castle |
| 24:18 | MIG · first_market_buy 100 stone |
| 24:23 | Wolfgang5150 · age_up castle |
| 24:45 | Shirasoni · age_up castle |
| 25:08 | Wolfgang5150 · first_building Castle |
| 25:41 | Shirasoni · first_building Siege Workshop |
| 25:48 | vladimir · age_up castle |
| 25:54 | vladimir · first_market_buy 100 stone |
| 25:57 | vladimir · first_market_sell 100 food |
| 26:24 | vladimir · first_building Castle |
| 26:28 | tunglam.4747 · first_building Castle |
| 27:40 | 噴射大肉G · first_building Siege Workshop |
| 28:38 | Wolfgang5150 · first_building Archery Range |
| 28:41 | tunglam.4747 · wall_segment Stone Wall x5 |
| 28:52 | vladimir · wall_segment Stone Wall x10 |
| 29:15 | Shirasoni · wall_segment Stone Wall x4 |
| 29:19 | 噴射大肉G · first_building Barracks |
| 29:43 | tunglam.4747 · first_building Barracks |
| 30:00 | vladimir · wall_segment Stone Wall x3 |
| 30:07 | vladimir · wall_segment Stone Wall x7 |
| 31:09 | 噴射大肉G · first_building Stable |
| 31:49 | vladimir · first_building Siege Workshop |
| 32:31 | Wolfgang5150 · first_building Monastery |
| 32:35 | Shirasoni · first_building Castle |
| 32:36 | Underwood6918 · first_building Castle |
| 32:40 | tunglam.4747 · age_up imperial |
| 32:53 | 噴射大肉G · first_building Archery Range |
| 33:39 | Underwood6918 · first_building Siege Workshop |
| 34:29 | Underwood6918 · first_building Monastery |
| 35:23 | Wolfgang5150 · age_up imperial |
| 35:31 | Swizz · age_up imperial |
| 35:33 | Swizz · first_market_buy 100 stone |
| 35:45 | vladimir · wall_segment Stone Wall x1 |
| 36:13 | 噴射大肉G · first_building Castle |
| 36:16 | Swizz · first_building Siege Workshop |
| 36:24 | MIG · first_building Barracks |
| 36:34 | tunglam.4747 · first_building Monastery |
| 36:53 | MIG · age_up imperial |
| 37:27 | vladimir · wall_segment Stone Wall x3 |
| 37:44 | MIG · first_building Castle |
| 37:51 | Shirasoni · age_up imperial |
| 37:53 | Wolfgang5150 · wall_segment Stone Wall x11 |
| 37:59 | vladimir · age_up imperial |
| 38:55 | Underwood6918 · age_up imperial |
| 38:58 | 噴射大肉G · first_building Monastery |
| 39:39 | Swizz · resign |
| 42:15 | 噴射大肉G · age_up imperial |
[ AI ANALYSIS · 1 CREDIT ]
What really happened in this match?
Wolo.gg analyzes every decision: build order, eco, micro, common mistakes by bracket. Personalized analysis on WhatsApp or Discord in 30 seconds.
Civ guide
Aztecs
Perfil
Jugador #3370393